 Dungeon Crawl Stone Soup version 0.28-a0-1560-g060a6a1bfc (webtiles) character file.

Game seed: 16635742702944146310

88 Lekart the Skirmisher (level 4, -1/40 HPs)
             Began as a Draconian Chaos Knight on Jan 19, 2022.
             Was a Plaything of Xom.
             Frozen to death by an endoplasm (4 damage)
             ... on level 4 of the Dungeon.
             The game lasted 00:01:40 (1254 turns).

Lekart the Skirmisher (Draconian Chaos Knight)      Turns: 1254, Time: 00:01:41

Health: -1/40      AC:  5    Str: 14    XL:     4   Next: 29%
Magic:  5/5        EV: 12    Int: 13    God:    Xom [..*...]
Gold:   47         SH:  0    Dex: 12    Spells: 5/5 levels left

rFire   . . .      SeeInvis .   a - +0 hand axe (chaos)
rCold   . . .      Faith    .   (no shield)
rNeg    . . .      Spirit   .   (armour unavailable)
rPois   .          Reflect  .   (helmet restricted)
rElec   .          Harm     .   (no cloak)
rCorr   .          Rampage  .   (no gloves)
Will    .....                   (no boots)
Stlth   +.........              (no amulet)
HPRegen 0.13/turn               (no ring)
MPRegen 0.09/turn               (no ring)

@: no status effects
A: AC +5, unfitting armour, cold-blooded
a: Renounce Religion


You were on level 4 of the Dungeon.
You worshipped Xom.
You were a toy of Xom.
You visited 1 branch of the dungeon, and saw 4 of its levels.

You collected 47 gold pieces.

Inventory:

Hand Weapons
 a - a +0 hand axe of chaos (weapon)
Jewellery
 c - an amulet of magic regeneration
Scrolls
 b - a scroll of identify
Potions
 d - a potion of flight
 e - a potion of attraction {unknown}
 f - 2 potions of cancellation {unknown}


   Skills:
 + Level 4.1 Fighting
 + Level 3.7 Axes
 * Level 2.9 Dodging
 * Level 1.0 Spellcasting


You had 5 spell levels left.
You didn't know any spells.
Your spell library was empty.

Dungeon Overview and Level Annotations

Branches:
Dungeon (4/15)
 Temple: D:4-7

Altars:

Shops:
D:1 (   D:4 *

Annotations:
D:2 Sigmund


Innate Abilities, Weirdness & Mutations

Your plain brown scales are hard. (AC +5)
You cannot fit into any form of body armour.
You are cold-blooded and may be slowed by cold attacks.


Message History

You see here a ball python corpse.
A worm comes into view.
Found 11 gold pieces.
You see here 2 fuming orange potions.
f - 2 fuming orange potions An endoplasm comes into view.
An adder skeleton comes into view.
You hit the adder skeleton but do no damage.
The adder skeleton bites you but does no damage.
You hit the adder skeleton but do no damage.
The endoplasm quivers.
The adder skeleton bites you but does no damage.
You hit the adder skeleton.
The adder skeleton flickers and vanishes!
Deactivating autopickup; reactivate with Ctrl-A.
Xom is amused.
Your tail-slap misses something.
Something bites you.
* * * LOW HITPOINT WARNING * * *
Something bites you.
* * * LOW HITPOINT WARNING * * *
You hit something.
Space warps horribly around something!
Reactivating autopickup.
You feel a bit more experienced.
You hear the slow hiss of a distant avalanche of sand.
As you open the door, it creaks loudly! The endoplasm freezes you.
You are frozen.
* * * LOW HITPOINT WARNING * * *
You feel yourself slow down.
Found Koewnar's General Store.
The endoplasm freezes you.
You are frozen.
* * * LOW HITPOINT WARNING * * *
There is an open door here.
You completely miss the endoplasm.
You feel yourself speed up. The endoplasm freezes you.
You are frozen.
You die... "This toy is broken."

###.....##....#.# ###.#
#...w...##.#..#.# #
#.####.$......... #.
#.####.###....... #..
#.##...........#.#
###...#.##.#.#.....#.#..
............w...# #. ..
............#+#J#
............+∩@.#
###...#######+### #...
#... #... #..


You could see an endoplasm.

Vanquished Creatures
  A scorpion (D:4)
  An adder skeleton (D:4)
  4 ball pythons
  2 endoplasms (D:1)
  3 goblins (D:1)
  2 hobgoblins (D:1)
  4 kobolds
  2 quokkas (D:1)
  2 bats (D:1)
  4 frilled lizards (D:1)
  A rat (D:1)
26 creatures vanquished.

Notes
Turn   | Place    | Note
-------+----------+-------------------------------------------
     0 | D:1      | Lekart the Draconian Chaos Knight began the quest for the
                  | Orb.
     0 | D:1      | Reached XP level 1. HP: 19/19 MP: 1/1
    51 | D:1      | XOM: silly message
    59 | D:1      | Found a faded altar of an unknown god.
    67 | D:1      | Reached XP level 2. HP: 25/27 MP: 2/2
   543 | D:1      | XOM: silly message
   744 | D:1      | XOM: divination: detect creatures
   925 | D:1      | Found Veclis's Antique Weapon Shop.
  1158 | D:2      | Noticed Sigmund
  1209 | D:4      | Noticed a scorpion
  1221 | D:4      | Killed a scorpion
  1222 | D:4      | Reached skill level 4 in Fighting
  1222 | D:4      | Reached skill level 1 in Spellcasting
  1222 | D:4      | Reached XP level 3. HP: 7/33 MP: 2/4
  1222 | D:4      | Reached XP level 4. HP: 9/40 MP: 2/5
  1252 | D:4      | Found Koewnar's General Store.
  1254 | D:4      | Frozen to death by an endoplasm

Illustrated notes

Levels and vault maps discovered:
D:1:      wander_arrival_lonely_grave, layout_basic,
          chequers_ecumenical_altar_simple, serial_shops, shop, glass_columns_a,
          nicolae_figureground_pulse
D:2:      layout_basic, serial_curves, eino_curves_03, eino_curves_04,
          uniq_sigmund, uniq_jessica
D:3:      layout_basic, kennysheep_generic_room_6, uniq_robin, uniq_natasha
D:4:      layout_loops_cross, minmay_temple_entry_antechambers,
          nicolae_ossuary_entry_ruins, serial_shops, nicolae_shop_behind_doors,
          minmay_misc_feat_tiny

Skill      XL: |  1  2 |
---------------+-------+-----
Fighting       | 4 |  4.1
Spellcasting   | 1 |  1.0
Axes           | |  3.7
Dodging        | |  2.9

Action                   |  1- 3 |  4- 6 || total
-------------------------+-------+-------++-------
Melee: Hand axe          |    63 |     7 ||    70
       Tailslap          |     7 |     1 ||     8
       Punch             |       |     1 ||     1
  Use: Scroll            |     1 |       ||     1
Armor: Skin              |    20 |     2 ||    22
Dodge: Dodged            |    34 |     1 ||    35

Table legend: (Time is in decaauts)
 A = Elapsed time spent in this place.
 B = Non-inter-level travel time spent in this place.
 C = Inter-level travel time spent in this place.
 D = Time resting spent in this place.
 E = Time spent auto-exploring this place.
 F = Levels seen in this place.
 G = Mean time per level.
                   A        B        C        D        E       F      G
               +--------+--------+--------+--------+--------+-----+--------+
         Total |   1263 |   1261 |      2 |      0 |   1026 |   4 |  315.8 |
       Dungeon |   1263 |   1261 |      2 |      0 |   1026 |   4 |  315.8 |
               +--------+--------+--------+--------+--------+-----+--------+

Top non-repeatable levels by time:
     D:1: 1099 daAuts
     D:2: 88 daAuts
     D:4: 54 daAuts
     D:3: 20 daAuts
